 Dungeon Crawl Stone Soup version 0.23-a0-582-g1b4a0ca2fb (webtiles) character file.

1893 Manul the Covered (level 9, 0/103 HPs)
             Began as a Human Gladiator on Dec 16, 2018.
             Was an Initiate of Gozag.
             Slain by an orc warrior
             ... wielding a +0 halberd
              (14 damage)
             ... on level 6 of the Dungeon.
             The game lasted 00:09:52 (8224 turns).

Manul the Covered (Human Gladiator)                 Turns: 8224, Time: 00:09:54

Health: 0/103      AC: 11    Str: 23      XL:     9   Next: 37%
Magic:  9/9        EV: 13    Int:  7 (9)  God:    Gozag
Gold:   281        SH:  0    Dex: 14      Spells: 8/8 levels left

rFire    . . .     SeeInvis .   x - +3 flail (venom)
rCold    . . .     Gourm    .   (no shield)
rNeg     . . .     Faith    .   h - +0 scale mail
rPois    .         Spirit   .   c - +0 helmet
rElec    .         Reflect  .   m - +1 cloak
rCorr    .         Harm     .   (no gloves)
MR       +....                  (no boots)
Stlth    ..........             (no amulet)
HPRegen  0.27/turn              (no ring)
MPRegen  0.11/turn              v - ring of protection from magic

@: berserking (expiring), gold aura, very quick
A: no striking features
a: Potion Petition, Call Merchant, Bribe Branch, Renounce Religion


You were on level 6 of the Dungeon.
You worshipped Gozag.
Gozag was aware of your devotion.
You were hungry.

You visited 1 branch of the dungeon, and saw 6 of its levels.
You also visited: Sewer and Ossuary.

You collected 391 gold pieces.
You paid 110 gold pieces to Gozag.

Inventory:

Hand Weapons
 a - a +0 long sword
 e - a +3 hand axe of electrocution
 x - a +3 flail of venom (weapon)
Missiles
 d - 3 throwing nets (quivered)
Armour
 b - a +0 leather armour
 c - a +0 helmet (worn)
 g - a +0 ring mail
 h - a +0 scale mail (worn)
 m - a +1 cloak (worn)
Jewellery
 u - a +3 ring of intelligence
 v - a ring of protection from magic (right hand)
Scrolls
 j - a scroll of fear {unknown}
 k - 8 scrolls of identify
 l - a scroll of enchant weapon
 n - a scroll of amnesia
 s - a scroll of enchant armour
 t - 2 scrolls of remove curse
 w - a scroll of immolation {unknown}
 y - a scroll of fog
 D - a scroll of random uselessness {unknown}
Potions
 i - 4 potions of lignification
 o - a potion of flight
 r - a potion of berserk rage
 C - 3 potions of agility
 E - 3 potions of curing {unknown}
Comestibles
 f - 2 rations


   Skills:
 + Level 6.2 Fighting
 - Level 3.4 Long Blades
 + Level 3.6 Maces & Flails
 - Level 2.5 Throwing
 + Level 6.8 Armour
 + Level 5.9 Dodging
 + Level 1.7 Stealth


You had 8 spell levels left.
You didn't know any spells.
Your spell library contained the following spells:

 Spells                   Type           Power        Failure   Level  Hunger
 Flame Tongue             Conj/Fire      #....        71%         1    ##.....
 Throw Flame              Conj/Fire      #.....       85%         2    ###....
 Conjure Flame            Conj/Fire      #.......     97%         3    ####...
 Inner Flame              Hex/Fire       #.......     97%         3    ####...
 Sticky Flame             Conj/Fire      #.......     100%        4    #####..
 Fireball                 Conj/Fire      #.........   100%        5    ######.


Dungeon Overview and Level Annotations

Branches:
Dungeon (6/15)             Temple (0/1) D:6

Altars:
Ashenzari
Gozag
Hepliaklqana
Nemelex Xobeh
Qazlal
Vehumet
Xom


Message History

The orc priest calls down the wrath of Beogh upon you.
Beogh smites you! The wight barely misses you.
The two-headed ogre hits you with a +0 giant club!!
The two-headed ogre hits you with a +0 giant club!
Things that are here:
a +0 animal skin; a human corpse You sock the wight!
You destroy the wight!
The freed slave hits the orc wizard but does no damage.
The orc warrior barely misses you.
The orc wizard hits the freed slave but does no damage.
You sock the two-headed ogre!
The two-headed ogre is moderately wounded.
The orc wizard hits the freed slave but does no damage.
The freed slave hits the orc wizard!
The two-headed ogre closely misses you.
The two-headed ogre hits you with a +0 giant club!!
* * * LOW HITPOINT WARNING * * *
The orc warrior hits you from afar with a +0 halberd!
You die...
Your body crumbles into a pile of gold.

,$,,* #.#
*,**,*********
***,* #.#
*,**,,,,,,,,,*
*,* #.#
*,**********,*
*,* #.#
*,**********,*
*,* #.#
*,,,,,,,,,,,,,
*,* #.#
************,*
* *,* #$# *,*
***,*
*#######p# *,*
<**,*
**.....op@#
*,* ,,*,*
*,.....ooO#
*,* ,,,,*
**.######z#
*,* ,,*** ***
#z# **,* ,**
#.# *******,,,
** #.#
**,,,,,,,,, *
#.#
**,,,,,,,,,,
#.#
**,,*,,,*,,,,
#.#
**,,**.,,**,,,


You could see a two-headed ogre, an orc warrior, 2 wights, an orc priest, an orc
wizard and 2 neutral freed slaves.

Vanquished Creatures
  Pikel (D:6)
  An ice beast (D:5)
  A slave (D:6)
  A centaur (D:5)
  A big kobold (Sewer)
  12 scorpions (Ossuary)
  A wight (D:6)
  A bullfrog zombie (D:5)
  A centaur zombie (Ossuary)
  A quasit (D:5)
  An orc wizard (D:5)
  A hound (D:6)
  A human zombie (Ossuary)
  2 worker ants
  A big kobold zombie (Ossuary)
  3 mummies (Ossuary)
  A hound skeleton (D:4)
  A worker ant zombie (D:5)
  5 adders
  7 scorpion zombies (Ossuary)
  2 river rats (Sewer)
  2 oozes (D:1)
  An adder zombie (D:5)
  2 worms (D:2)
  2 dart slugs
  8 leopard geckos
  9 orcs
  9 bats
  6 giant cockroaches
  4 gnoll zombies (Ossuary)
  7 goblins
  11 hobgoblins
  23 jackals
  A quokka (D:5)
  5 frilled lizards
  3 goblin zombies (Ossuary)
  A hobgoblin zombie (Ossuary)
  13 kobolds
  A kobold zombie (Ossuary)
  2 orc zombies (Ossuary)
  2 quokka skeletons (D:5)
  12 rats
170 creatures vanquished.

Vanquished Creatures (others)
  A slave (D:6)
  A goblin zombie (Ossuary)
2 creatures vanquished.

Grand Total: 172 creatures vanquished

Notes
Turn   | Place    | Note
-------+----------+-------------------------------------------
     0 | D:1      | Manul the Human Gladiator began the quest for the Orb.
     0 | D:1      | Reached XP level 1. HP: 16/16 MP: 1/1
    51 | D:1      | Reached XP level 2. HP: 16/22 MP: 2/2
   269 | D:1      | Reached XP level 3. HP: 16/27 MP: 3/3
   850 | D:1      | Reached skill level 1 in Armour
  1220 | D:2      | Reached XP level 4. HP: 33/33 MP: 4/4
  1509 | D:2      | Found a radiant altar of Vehumet.
  1813 | D:2      | Reached XP level 5. HP: 39/39 MP: 5/5
  2309 | D:3      | Found a shimmering altar of Xom.
  3075 | D:4      | Found a shattered altar of Ashenzari.
  3085 | D:4      | Found a sand-covered staircase.
  3092 | Ossuary  | Entered an ossuary
  3111 | Ossuary  | Reached XP level 6. HP: 33/47 MP: 6/6
  3860 | Ossuary  | Reached XP level 7. HP: 34/52 MP: 7/7
  4411 | Ossuary  | Reached skill level 1 in Stealth
  4427 | Ossuary  | Reached skill level 5 in Dodging
  4545 | Ossuary  | Reached XP level 8. HP: 39/61 MP: 8/8
  4922 | Ossuary  | Reached skill level 5 in Armour
  4934 | Ossuary  | Reached skill level 5 in Fighting
  5799 | D:4      | Found a hazy altar of Hepliaklqana.
  5854 | D:4      | Found a sparkling altar of Nemelex Xobeh.
  6112 | D:5      | Entered Level 5 of the Dungeon
  6113 | D:5      | Found a stormy altar of Qazlal.
  6966 | D:5      | Found an opulent altar of Gozag.
  7855 | D:6      | Found an opulent altar of Gozag.
  7882 | D:6      | Became a worshipper of Gozag Ym Sagoz the Greedy
  7922 | D:6      | Found a glowing drain.
  7932 | Sewer    | Entered a sewer
  8032 | Sewer    | Reached XP level 9. HP: 58/69 MP: 9/9
  8059 | Sewer    | Found a white marble altar of Elyvilon.
  8186 | D:6      | Noticed a two-headed ogre
  8199 | D:6      | Noticed Pikel
  8219 | D:6      | Killed Pikel
  8224 | D:6      | Slain by an orc warrior

Vault maps used:
D:1:      co_arrival_random_square_maze
D:2:      overflow_temple_1_default
D:3:      minmay_misc_feat_plants, brannock_xom_greatest_gift
D:4:      lemuel_doored_altar, nemelex_altar_shiori, kennysheep_mini_moat,
          enter_ossuary_2, first_ration
D:5:      grunt_qazlal_clouds, nicolae_overflow_hidden_temple
D:6:      kennysheep_little_box, minmay_temple_entry_waves,
          portal_sewer_entry_d, nicolae_gozag_cash_rules_everything_around_me,
          uniq_pikel
Sewer:    sewer_kobolds
Ossuary:  ossuary_minmay_scorpions

Skill      XL: |  1  2  3  4  5  6  7  8  9 |
---------------+----------------------------+-----
Armour         | 1 2 3 4 6 |  6.8
Dodging        | 4 5 |  5.9
Fighting       | 3 4 5 6 |  6.2
Stealth        | 1 |  1.7
Maces & Flails | 3 |  3.6
Long Blades    | |  3.4
Throwing       | |  2.5

Action                   |  1- 3 |  4- 6 |  7- 9 || total
-------------------------+-------+-------+-------++-------
Melee: Long sword        |   106 |   277 |   257 ||   640
       Flail             |       |       |    94 ||    94
  Use: Scroll            |       |     2 |    13 ||    15
       Potion            |       |       |     9 ||     9
  Eat: Chunk             |     1 |     7 |     6 ||    14
       Ration            |       |     1 |     2 ||     3
Armor: Leather armour    |     4 |       |       ||     4
       Ring mail         |    42 |    73 |       ||   115
       Scale mail        |       |    76 |   186 ||   262
Dodge: Dodged            |    87 |   217 |   297 ||   601
       Rpst.: Long sword |    24 |    75 |    66 ||   165

Table legend:
 A = Non-vault XP
 B = Vault XP
 C = Vault XP percentage of total XP
 D = Non-vault monster count
 E = Vault monster count
 F = Vault count percentage of total count
                 A         B        C        D         E       F
            +---------+---------+-------+---------+---------+-------
      Total |     851 |    1854 |  68.5 |     121 |      48 |  28.4
            +---------+---------+-------+---------+---------+-------
        D:1 |      64 |       0 |   0.0 |      32 |       0 |   0.0
        D:2 |      81 |       0 |   0.0 |      33 |       0 |   0.0
        D:3 |      82 |       0 |   0.0 |      29 |       0 |   0.0
        D:4 |      60 |       0 |   0.0 |       5 |       0 |   0.0
        D:5 |     463 |       0 |   0.0 |      20 |       0 |   0.0
        D:6 |     101 |     655 |  86.6 |       2 |       2 |  50.0
      Sewer |       0 |     136 | 100.0 |       0 |      10 | 100.0
    Ossuary |       0 |    1063 | 100.0 |       0 |      36 | 100.0
            +---------+---------+-------+---------+---------+-------
